 Dungeon Crawl Stone Soup version 0.30-a0-149-g7f746667c4 (webtiles) character file.

Game seed: 8311282779348778190

373 qw the Chopper (level 6, -1/38 HPs)
             Began as a Gargoyle Fighter on Sept 26, 2022.
             Slain by Pikel
             ... wielding a +2 whip of freezing
              (3 damage)
             ... on level 4 of the Dungeon.
             The game lasted 00:00:54 (3038 turns).

qw the Chopper (Gargoyle Fighter)                   Turns: 3038, Time: 00:00:54

Health: -1/38      AC: 12    Str: 22    XL:     6   Next: 71%
Magic:  6/6        EV:  9    Int:  8    God:
Gold:   174        SH:  4    Dex:  9    Spells: 5/5 levels left

rFire   . . .      SeeInvis .    Y - +0 war axe (venom)
rCold   . . .      Faith    .    c - +0 buckler
rNeg    + . .      Spirit   .    b - +0 scale mail
rPois   inf        Reflect  .    (no helmet)
rElec   +          Harm     .    (no cloak)
rCorr   .          Rampage  .    (no gloves)
Will    .....                    h - +0 pair of boots
Stlth   ..........               m - amulet of regeneration
HPRegen 0.92/turn                (no ring)
MPRegen 0.10/turn                (no ring)

@: about to teleport
A: sickness immunity, AC +4, negative energy resistance 1, electricity
resistance, torment resistance 1, petrification resistance
a: no special abilities


You were on level 4 of the Dungeon.
You visited 1 branch of the dungeon, and saw 4 of its levels.

You collected 174 gold pieces.


Innate Abilities, Weirdness & Mutations

You are immune to sickness and miasma.
Your stone body is resilient. (AC +4)
You are immune to poison.
You resist negative energy. (rN+)
You are resistant to electric shocks. (rElec)
You are resistant to unholy torment.
You are immune to petrification.


   Skills:
 - Level 4.0 Fighting
 - Level 5.8 Axes
 - Level 1.1 Throwing
 - Level 3.2 Armour
 + Level 0.0 Dodging
 - Level 3.2 Shields


You had 5 spell levels left.
You didn't know any spells.
Your spell library was empty.

Inventory:

Hand Weapons
 e - a +0 whip
 Y - a +0 war axe of venom (weapon)
Missiles
 l - 4 boomerangs (quivered)
Armour
 b - a +0 scale mail (worn)
 c - a +0 buckler (worn)
 h - a +0 pair of boots (worn)
Jewellery
 m - an amulet of regeneration (around neck)
Potions
 a - 2 potions of curing
 d - a potion of might
 f - 2 potions of mutation {unknown}
 j - a potion of brilliance {unknown}
 n - a potion of cancellation {unknown}
 o - a potion of magic {unknown}

Dungeon Overview and Level Annotations

Branches:
Dungeon (4/15)
 Temple: D:4-7

Altars:
Fedhas
Sif Muna

Shops:
D:2 =

Annotations:
D:4 Pikel


Message History

Pikel checks his coin pouch and frowns.
You hit the lemure.
The lemure is poisoned.
The lemure is heavily wounded.
The lemure closely misses you.
You barely miss the lemure.
The lemure is heavily wounded.
The lemure hits you.
A lemure comes into view.
You closely miss Pikel.
Pikel hits you with a +2 whip of freezing.
Pikel freezes you.
You hit Pikel but do no damage.
Pikel is poisoned.
You block Pikel's attack.
You closely miss Pikel.
Pikel hits you with a +2 whip of freezing!
Pikel freezes you.
You hit Pikel.
Pikel looks as sick as possible!
Pikel is lightly wounded.
Pikel hits you with a +2 whip of freezing!
Pikel freezes you.
You hit Pikel.
Pikel looks as sick as possible!
Pikel is moderately wounded.
Pikel hits you with a +2 whip of freezing.
Pikel freezes you. Pikel hits you but does no damage.
3035 ||| READING scroll of teleportation.
As you read the scroll of teleportation, it crumbles to dust.
You feel strangely unstable. Pikel hits you but does no damage.
You barely miss Pikel.
Pikel is moderately wounded.
Pikel closely misses you.
You closely miss Pikel.
Pikel is severely wounded.
Pikel hits you with a +2 whip of freezing.
Pikel freezes you.
You closely miss Pikel.
Pikel is severely wounded.
Pikel hits you with a +2 whip of freezing!
Pikel freezes you.
You die...

##.#########.#
#..# #. #.#
##.# . #.# #.#
. #.# #.# #.#
#.# #.# ###.#
#.# #...# #.#
#)### #@# #K#
#5# #5# #5#
#5# #.# #(#


You could see Pikel (very poisoned) and 4 lemures.

Vanquished Creatures
  Grinder (D:3)
  An iguana (D:4)
  2 river rats (D:3)
  7 adders
  A worm (D:3)
  2 dart slugs
  3 bats
  5 endoplasms
  5 giant cockroaches
  7 goblins
  A hobgoblin (D:2)
  2 jackals (D:2)
  2 quokkas
  5 ball pythons
  A frilled lizard (D:2)
  5 kobolds
  14 rats
64 creatures vanquished.

Vanquished Creatures (others)
  A plant (D:2)
1 creature vanquished.

Grand Total: 65 creatures vanquished

Notes
Turn   | Place    | Note
-------+----------+-------------------------------------------
     0 | D:1      | qw the Gargoyle Fighter began the quest for the Orb.
     0 | D:1      | Reached XP level 1. HP: 14/14 MP: 1/1
     0 | D:1      | 0 ||| qw: Version: 0.2-a-10-g399e6c4
     0 | D:1      | 0 ||| qw: Game counter: 531
     0 | D:1      | 0 ||| qw: Always use a shield: true
     0 | D:1      | 0 ||| qw: God list: Okawaru
     0 | D:1      | 0 ||| qw: Allow faded altars: false
     0 | D:1      | 0 ||| qw: Do Orc after D:15 true
     0 | D:1      | 0 ||| qw: Do second Lair branch before Depths: true
     0 | D:1      | 0 ||| qw: Lair rune preference: random
     0 | D:1      | 0 ||| qw: Plans: Normal, Zot:1-4, God:TSO, Crypt, Tomb,
                  | Pan, Slime:5, Hells, Abyss, Orb
     0 | D:1      | 0 ||| PLANNING D:1-11
   109 | D:1      | 109 ||| Stepping ~*~*~tactically~*~*~ (stealth).
   115 | D:1      | Reached skill level 2 in Axes
   156 | D:1      | 156 ||| Stepping ~*~*~tactically~*~*~ (stealth).
   158 | D:1      | Reached XP level 2. HP: 19/19 MP: 2/2
   699 | D:1      | Reached skill level 3 in Axes
   774 | D:1      | 774 ||| DROPPING ring of magical power.
   775 | D:1      | 775 ||| READING scroll labelled ZISTAUMESO.
   888 | D:2      | Reached XP level 3. HP: 23/23 MP: 3/3
   894 | D:2      | Found a faded altar of an unknown god.
   896 | D:2      | Noticed a golden eye
   903 | D:2      | Reached skill level 1 in Throwing
   904 | D:2      | Noticed a golden eye
   904 | D:2      | Noticed a great orb of eyes
   904 | D:2      | Noticed a floating eye
   963 | D:2      | Found Rixinke's Jewellery Shop.
   966 | D:2      | 966 ||| SHOPLISTING +6 ring of strength (504 gold, have
                  | 52).
   966 | D:2      | 966 ||| SHOPLISTING ring of fire (350 gold, have 52).
   966 | D:2      | 966 ||| SHOPLISTING ring of see invisible (210 gold, have
                  | 52).
   966 | D:2      | 966 ||| SHOPLISTING ring of willpower (350 gold, have 52).
  1070 | D:2      | 1070 ||| FLEEEEING.
  1071 | D:2      | 1071 ||| FLEEEEING.
  1073 | D:2      | 1073 ||| Stepping ~*~*~tactically~*~*~ (hiding).
  1087 | D:2      | Reached XP level 4. HP: 9/28 MP: 4/4
  1395 | D:2      | 1395 ||| Stepping ~*~*~tactically~*~*~ (stealth).
  1525 | D:2      | Reached skill level 4 in Axes
  1629 | D:2      | 1629 ||| UPGRADING to +0 pair of boots.
  1634 | D:2      | 1634 ||| READING scroll labelled PEWOATT JUCS.
  1635 | D:2      | 1635 ||| READING scroll labelled JAPTAZ EGGUEJUP.
  1636 | D:2      | 1636 ||| READING scroll labelled UCRAOPH JIOCUXAB.
  1637 | D:2      | 1637 ||| READING scroll labelled YLAKU COR.
  1638 | D:2      | 1638 ||| READING scroll labelled CUENLO WOGISKI.
  1639 | D:2      | 1639 ||| DRINKING 2 ruby potions.
  1654 | D:3      | 1654 ||| PLANNING SEWER
  1858 | D:3      | 1858 ||| Stepping ~*~*~tactically~*~*~ (stealth).
  1921 | D:3      | Noticed Grinder
  1922 | D:3      | 1922 ||| Stepping ~*~*~tactically~*~*~ (hiding).
  1924 | D:3      | Paralysed by Grinder for 3 turns
  1934 | D:3      | Killed Grinder
  1935 | D:3      | Reached skill level 5 in Axes
  1935 | D:3      | Reached XP level 5. HP: 19/32 MP: 5/5
  1935 | D:3      | Reached XP level 6. HP: 22/37 MP: 6/6
  2311 | D:3      | 2311 ||| RIP SEWER
  2315 | D:3      | 2315 ||| PLANNING D:1-11
  2316 | D:3      | 2316 ||| Stepping ~*~*~tactically~*~*~ (stealth).
  2317 | D:3      | 2317 ||| Stepping ~*~*~tactically~*~*~ (stealth).
  2544 | D:3      | Found a faded altar of an unknown god.
  2552 | D:3      | Found a shimmering blue altar of Sif Muna.
  2699 | D:3      | 2699 ||| UPGRADING to amulet of regeneration.
  2704 | D:3      | 2704 ||| DROPPING amulet of magic regeneration.
  2705 | D:3      | 2705 ||| READING scroll labelled USUONIHYXE.
  2706 | D:3      | 2706 ||| READING 2 scrolls labelled JOICSIRUGE.
  2710 | D:3      | 2710 ||| READING scroll labelled ASAGIG ISKET.
  2711 | D:3      | 2711 ||| DRINKING 2 coppery potions.
  2712 | D:3      | 2712 ||| DRINKING 2 silvery potions.
  2816 | D:3      | 2816 ||| DROPPING potion of flight.
  2817 | D:3      | 2817 ||| DROPPING potion of berserk rage.
  2946 | D:4      | Found a blossoming altar of Fedhas.
  3023 | D:4      | Noticed Pikel
  3034 | D:4      | HP: 9/38 [Pikel/+2 whip of freezing (1)]
  3035 | D:4      | 3035 ||| READING scroll of teleportation.
  3038 | D:4      | HP: 2/38 [Pikel/+2 whip of freezing (7)]
  3038 | D:4      | Slain by Pikel

Levels and vault maps discovered:
D:1:      dpeg_arrival_triangle_fractal, layout_rooms
D:2:      layout_loops_cross, serial_shops, nicolae_shop_window_shopping,
          hellmonk_ecumenical_altar_watching_god, serial_bayou_pond_a
D:3:      layout_basic, nicolae_overflow_ecumenical_swirl, portal_sewer_entry_e,
          uniq_grinder
D:4:      layout_loops_ring, mainiacjoe_overflow_alcove_1,
          kennysheep_another_room, uniq_pikel, uniq_blork_the_orc, uniq_edmund,
          uniq_eustachio

Skill      XL: |  1  2  3  4  5  6 |
---------------+-------------------+-----
Axes           | 2 3 5 |  5.8
Throwing       | 1 |  1.1
Fighting       | 4 |  4.0
Armour         | |  3.2
Shields        | |  3.2

Action                   |  1- 3 |  4- 6 || total
-------------------------+-------+-------++-------
Melee: War axe           |    62 |    74 ||   136
Throw: Javelin           |    25 |    36 ||    61
       Boomerang         |       |     7 ||     7
  Use: Scroll            |     1 |     9 ||    10
       Potion            |       |     3 ||     3
Armor: Scale mail        |    34 |    47 ||    81
Dodge: Dodged            |    30 |    29 ||    59
Block: Buckler           |    16 |     8 ||    24

Table legend:
 A = Non-vault XP
 B = Vault XP
 C = Vault XP percentage of total XP
 D = Non-vault monster count
 E = Vault monster count
 F = Vault count percentage of total count
                 A         B        C        D         E       F
            +---------+---------+-------+---------+---------+-------
      Total |     211 |     322 |  60.4 |      55 |       9 |  14.1
            +---------+---------+-------+---------+---------+-------
        D:1 |      30 |       0 |   0.0 |      20 |       0 |   0.0
        D:2 |     109 |       0 |   0.0 |      20 |       0 |   0.0
        D:3 |      31 |     322 |  91.2 |      12 |       9 |  42.9
        D:4 |      41 |       0 |   0.0 |       3 |       0 |   0.0
            +---------+---------+-------+---------+---------+-------
